 Dungeon Crawl Stone Soup version 0.31-a0-145-g046c7d2549 (webtiles) character file.

Game seed: 11446770502298184848

44 qw the Shooter (level 3, -1/31 HPs)
             Began as a Minotaur Hunter on June 7, 2023.
             Slain by a cerulean imp
             ... wielding a +0 spear
             ... summoned by Natasha
              (3 damage)
             ... on level 2 of the Dungeon.
             The game lasted 00:00:33 (1428 turns).

qw the Shooter (Minotaur Hunter)                    Turns: 1428, Time: 00:00:33

Health: -1/31      AC:  3    Str: 15    XL:     3   Next: 39%
Magic:  2/2        EV: 12    Int:  6    God:
Gold:   90         SH:  0    Dex: 15    Spells: 2/2 levels left

rFire   . . .        Y - +0 shortbow
rCold   . . .        (shield currently unavailable)
rNeg    . . .        c - +0 leather armour
rPois   .            (helmet restricted)
rElec   .            (no cloak)
rCorr   .            (no gloves)
SInv    .            (no boots)
Will    .....        (no amulet)
Stlth   +            (no ring)
HPRegen 0.25/turn    (no ring)
MPRegen 0.08/turn

%: no passive effects
@: lethally poisoned (-1 -> -9)
A: horns 2, retaliatory headbutt
a: no special abilities


You were on level 2 of the Dungeon.
You visited 1 branch of the dungeon, and saw 2 of its levels.

You collected 90 gold pieces.


Innate Abilities, Weirdness & Mutations

You have a pair of horns on your head.
You reflexively headbutt those who attack you in melee.


   Skills:
 - Level 3.0 Fighting
 + Level 5.5 Ranged Weapons
 - Level 2.1 Dodging
 - Level 0.7 Stealth


You had 2 spell levels left.
You didn't know any spells.
Your spell library was empty.

Inventory:

Hand Weapons
 Y - a +0 shortbow (weapon)
Armour
 c - a +0 leather armour (worn)
Scrolls
 b - a scroll of torment {unknown}
Potions
 a - a potion of lignification {unknown}
 f - a potion of brilliance {unknown}
 g - a potion of ambrosia {unknown}
 i - a potion of attraction {unknown}

Dungeon Overview and Level Annotations

Branches:
Dungeon (2/15)

Altars:

Annotations:
D:2 Natasha


Message History

The adder barely misses you.
You shoot an arrow. The arrow barely misses the adder.
Natasha mumbles some strange words.
The adder bites you.
You are poisoned.
The adder poisons you!
You shoot an arrow. The arrow closely misses the adder.
You feel sick. The adder bites you.
You are more poisoned.
The adder poisons you! The adder bites you.
You are more poisoned.
The adder poisons you!
You shoot an arrow. The arrow barely misses the adder.
The arrow barely misses Natasha.
You feel very sick. The adder closely misses you.
You shoot an arrow. The arrow closely misses the adder.
The arrow hits the cerulean imp.
The cerulean imp is lightly wounded.
You feel very sick. The cerulean imp completely misses you.
The adder closely misses you. The cerulean imp misses you.
The adder bites you but does no damage. Natasha closely misses you.
You shoot an arrow. The arrow completely misses Natasha.
You feel sick. The adder bites you.
You are more poisoned.
The adder poisons you! The cerulean imp barely misses you. Natasha claws you.
You shoot an arrow. The arrow hits Natasha.
Natasha is moderately wounded.
You feel very sick. The adder misses you.
The cerulean imp hits you from afar with a +0 spear.
Natasha barely misses you. The adder bites you.
You are more poisoned.
The adder poisons you!
You shoot an arrow. The arrow closely misses Natasha.
You feel very sick. The adder bites you.
The cerulean imp hits you from afar with a +0 spear.
You die...

### #.###### #.#
....#......## #.#####
#..........####.....# ..#
#..#............###.# ###.#
#..#.....#...>...# ..#.#.
...
#........#....######.#.#.
.###
#..#...#.#........##.#.##
...................^##.#.#.
#....#.###@............#.#)
######.# #Sh##+#+###.###.##
#+# #5.#........# #...
.?..########.# #... ....#
#....).# #... #.#.#
#.###..###%.% .. .#
#......)... ## ##
#.######### #.


You could see Natasha, a cerulean imp (summoned) and an adder.

Vanquished Creatures
  An adder (D:2)
  3 endoplasms
  3 giant cockroaches (D:1)
  A hobgoblin (D:1)
  2 kobolds
  2 quokkas
  5 ball pythons
  4 frilled lizards
  8 goblins
  5 rats
34 creatures vanquished.

Notes
Turn   | Place    | Note
-------+----------+-------------------------------------------
     0 | D:1      | qw the Minotaur Hunter began the quest for the Orb.
     0 | D:1      | Reached XP level 1. HP: 18/18 MP: 0/0
     0 | D:1      | 0 ||| qw: Version: 0.2-a-117-gc6b5c8b
     0 | D:1      | 0 ||| qw: Game counter: 2413
     0 | D:1      | 0 ||| qw: Always use a shield: true
     0 | D:1      | 0 ||| qw: God list: Okawaru
     0 | D:1      | 0 ||| qw: Allow faded altars: false
     0 | D:1      | 0 ||| qw: Do Orc after D:15 true
     0 | D:1      | 0 ||| qw: Do second Lair branch before Depths: true
     0 | D:1      | 0 ||| qw: Lair rune preference: random
     0 | D:1      | 0 ||| qw: Plans: Normal
     0 | D:1      | 0 ||| PLANNING D:1-11
   232 | D:1      | Reached XP level 2. HP: 20/25 MP: 1/1
   289 | D:1      | Reached skill level 5 in Ranged Weapons
   913 | D:1      | Reached skill level 3 in Fighting
  1000 | D:1      | 1000 ||| READING scroll labelled ACLAASAVUSM.
  1001 | D:1      | 1001 ||| READING scroll labelled CAH DOTIFIDGH.
  1002 | D:1      | 1002 ||| READING scroll labelled LOUZEGE XAKI.
  1003 | D:1      | 1003 ||| DROPPING scroll of butterflies.
  1005 | D:1      | 1005 ||| Stepping ~*~*~tactically~*~*~ (cloud).
  1132 | D:2      | Reached XP level 3. HP: 31/31 MP: 2/2
  1420 | D:2      | Noticed Natasha
  1427 | D:2      | HP: 7/31 [cerulean imp/+0 spear[Natasha] (2)]
  1428 | D:2      | HP: 3/31 [poisoned by an adder]
  1428 | D:2      | Slain by a cerulean imp

Levels and vault maps discovered:
D:1:      minmay_arrival_diagonal_passages, layout_basic
D:2:      layout_basic, uniq_natasha

Skill      XL: |  1  2 |
---------------+-------+-----
Ranged Weapons | 5 |  5.5
Fighting       | 3 |  3.0
Dodging        | |  2.1
Stealth        | |  0.7

Action                     || total
---------------------------++-------
   Fire: Shortbow          ||   109
    Use: Scroll            ||     3
 Armour: Leather armour    ||    16
  Dodge: Dodged            ||    39

Table legend:
 A = Non-vault XP
 B = Vault XP
 C = Vault XP percentage of total XP
 D = Non-vault monster count
 E = Vault monster count
 F = Vault count percentage of total count
                 A         B        C        D         E       F
            +---------+---------+-------+---------+---------+-------
      Total |      63 |       0 |   0.0 |      34 |       0 |   0.0
            +---------+---------+-------+---------+---------+-------
        D:1 |      29 |       0 |   0.0 |      20 |       0 |   0.0
        D:2 |      34 |       0 |   0.0 |      14 |       0 |   0.0
            +---------+---------+-------+---------+---------+-------
